 Dungeon Crawl Stone Soup version 0.29-a0-398-ge13fd1374b (webtiles) character file.

Game seed: 16019862434152226923

121 trckry the Caller (level 5, -1/35 HPs)
             Began as a Human Summoner on May 12, 2022.
             Was a Follower of Kikubaaqudgha.
             Slain by an orc priest
             ... wielding a +0 trident
              (8 damage)
             ... on level 3 of the Dungeon.
             The game lasted 00:09:08 (2263 turns).

trckry the Caller (Human Summoner)                  Turns: 2263, Time: 00:09:09

Health: -1/35      AC:  2    Str:  8    XL:     5   Next: 26%
Magic:  8/9        EV: 12    Int: 17    God:    Kikubaaqudgha [*.....]
Gold:   106        SH:  0    Dex: 14    Spells: 7/10 levels left

rFire   . . .      SeeInvis .   c - +0 flail (venom)
rCold   . . .      Faith    .   (no shield)
rNeg    . . .      Spirit   .   j - +0 robe
rPois   .          Reflect  .   (no helmet)
rElec   .          Harm     .   (no cloak)
rCorr   .          Rampage  .   (no gloves)
Will    .....                   (no boots)
Stlth   ++........              p - amulet of regeneration
HPRegen 0.91/turn               w - +4 ring of slaying
MPRegen 0.11/turn               (no ring)

@: no status effects
A: no striking features
a: Renounce Religion, Receive Corpses


You were on level 3 of the Dungeon.
You worshipped Kikubaaqudgha.
Kikubaaqudgha was aware of your devotion.
You visited 1 branch of the dungeon, and saw 3 of its levels.

You collected 106 gold pieces.

Inventory:

Hand Weapons
 b - a +0 hunting sling
 c - a +0 flail of venom (weapon)
 q - a +0 whip of electrocution
Missiles
 h - 166 stones (quivered)
Armour
 j - a +0 robe (worn)
Jewellery
 p - an amulet of regeneration (around neck)
 v - an amulet of reflection
 w - a +4 ring of slaying (left hand)
Scrolls
 d - 2 scrolls of immolation {unknown}
 e - a scroll of brand weapon {unknown}
 f - a scroll of amnesia {unknown}
 i - 7 scrolls of identify {unknown}
 k - a scroll of blinking {unknown}
 m - a scroll of enchant weapon {unknown}
 n - a scroll of torment {unknown}
 o - a scroll of poison {unknown}
 r - a scroll of vulnerability {unknown}
 u - a scroll of teleportation {unknown}
Potions
 g - a potion of magic
 l - a potion of mutation {unknown}
 s - a potion of berserk rage {unknown}
 t - 2 potions of curing {unknown}
 z - a potion of brilliance {unknown}


   Skills:
 - Level 2.0 Dodging
 - Level 2.0 Stealth
 + Level 3.0 Spellcasting
 * Level 5.5 Summonings
 * Level 0.8 Necromancy


You had 7 spell levels left.
You knew the following spells:

 Your Spells              Type           Power      Damage    Failure   Level
a - Summon Small Mammal   Summ           84%        N/A       1%          1
b - Call Imp              Summ           21%        N/A       2%          2

Your spell library contained the following spells:

 Spells                   Type           Power      Damage    Failure   Level
 Call Canine Familiar     Summ           21%        N/A       5%          3
 Animate Skeleton         Necr           10%        N/A       12%         1
 Pain                     Necr           20%        1d5       12%         1
 Summon Guardian Golem    Hex/Summ       11%        N/A       17%         3
 Corpse Rot               Necr/Air       8%         N/A       22%         2
 Vampiric Draining        Necr           5%         2d6       36%         3
 Summon Lightning Spire   Summ/Air       11%        N/A       50%         4
 Hailstorm                Conj/Ice       2%         3d3       86%         4
 Ice Form                 Ice/Tmut       2%         N/A       86%         4
 Simulacrum               Ice/Necr       2%         N/A       100%        6


Dungeon Overview and Level Annotations

Branches:
Dungeon (3/15)

Altars:
Kikubaaqudgha

Portals:
Abyss: D:3

Annotations:
D:3 1 transporter, NateTC's ghost, amateur MiFi


Message History

The orc hits you with a +0 flail.
* * * LOW HITPOINT WARNING * * *
Your iron imp hits the orc!
The orc dies!
Kikubaaqudgha accepts your kill.
You take 4 damage, and have 2/35 hp.
You feel much better.
The orc priest mumbles some strange prayers to Beogh against you.
Beogh smites you!
You regained 10 hp, and now have 12/35 hp.
Your iron imp hits the orc priest.
The orc priest looks satisfied for a moment.
Your iron imp hits the orc priest.
The orc priest hits you with a +0 dagger.
* * * LOW HITPOINT WARNING * * *
The orc priest calls upon Beogh to heal the orc priest.
The orc priest is healed somewhat.
Things that are here:
a +0 flail; an orc corpse You take 4 damage, and have 9/35 hp.
You hit the orc priest but do no damage.
The orc priest is poisoned.
The orc priest is lightly wounded.
The orc priest hits you with a +0 dagger.
* * * LOW HITPOINT WARNING * * *
The orc priest looks encouraged for a moment.
Your iron imp hits the orc priest.
The orc priest attacks as you move away!
The orc priest hits you with a +0 dagger.
* * * LOW HITPOINT WARNING * * *
Your iron imp misses the orc priest.
You take 4 damage, and have 5/35 hp.
You hit the orc priest.
The orc priest looks as sick as possible!
The orc priest is almost dead.
You kill the orc priest!
Kikubaaqudgha accepts your kill.
The orc priest hits you from afar with a +0 trident!
You die...
Kikubaaqudgha rasps: "You have failed me!
Welcome... death!"

).. ... ### .....
.... #... .....
#..########......
#.....?5o.†......
####..#...)###.#####
#.....#..@.# # ..
#.....#....###
..####..............
.........†.#....###..
........##.#....#
........##.#.####
.####..........
.####...##.#.##
....#...##.#.#


You could see an orc priest and a friendly iron imp (summoned).

Vanquished Creatures
  An orc priest (D:3)
  3 adders
  A worm (D:2)
  2 dart slugs
  2 orcs (D:2)
  5 bats
  3 endoplasms
  A giant cockroach (D:2)
  A goblin (D:2)
  3 hobgoblins
  4 kobolds
  A quokka (D:1)
  9 ball pythons
  A frilled lizard (D:1)
  3 rats
40 creatures vanquished.

Vanquished Creatures (collateral kills)
  2 adders (D:2)
  3 orcs
  An endoplasm (D:1)
  2 giant cockroaches (D:1)
  2 goblins (D:1)
  5 hobgoblins
  A quokka (D:1)
  3 ball pythons
  2 frilled lizards
  2 kobolds
  A rat (D:1)
24 creatures vanquished.

Grand Total: 64 creatures vanquished

Notes
Turn   | Place    | Note
-------+----------+-------------------------------------------
     0 | D:1      | trckry the Human Summoner began the quest for the Orb.
     0 | D:1      | Reached XP level 1. HP: 13/13 MP: 3/3
   300 | D:1      | Reached XP level 2. HP: 14/19 MP: 1/5
   465 | D:1      | Learned a level 2 spell: Call Imp
   884 | D:1      | Reached XP level 3. HP: 14/24 MP: 6/6
  1452 | D:2      | Reached skill level 5 in Summonings
  1452 | D:2      | Reached XP level 4. HP: 30/30 MP: 5/7
  1588 | D:2      | HP: 2/30 [orc/+0 flail of venom (5)]
  1738 | D:2      | Found a faded altar of an unknown god.
  2020 | D:2      | Prayed at the altar of an unknown god.
  2020 | D:2      | Became a worshipper of Kikubaaqudgha
  2020 | D:2      | Reached * piety under Kikubaaqudgha
  2020 | D:2      | Received a gift from Kikubaaqudgha
  2113 | D:3      | Found a one-way gate to the infinite horrors of the Abyss.
  2113 | D:3      | Noticed NateTC's ghost (amateur MiFi)
  2125 | D:3      | Found a transporter.
  2134 | D:3      | Reached XP level 5. HP: 35/35 MP: 9/9
  2193 | D:3      | Noticed a small abomination
  2255 | D:3      | HP: 4/35 [orc/+0 flail (7)]
  2262 | D:3      | HP: 5/35 [orc priest/+0 dagger (4)]
  2263 | D:3      | Slain by an orc priest

Illustrated notes

Levels and vault maps discovered:
D:1:      lightli_arrival_flooded_house, layout_loops_ring, minmay_circled_x
D:2:      layout_rooms, chequers_ecumenical_altar_simple
D:3:      layout_basic, elyvilon_altar_4, gammafunk_ghost_abyssal_escape,
          corner_web_ring, minmay_curled_crystal, minmay_misc_feat_doors,
          ebering_dispersal_statue_hall, minivault_24

Skill      XL: |  1  2  3  4  5 |
---------------+----------------+-----
Summonings     | 5 |  5.5
Spellcasting   | 3 |  3.0
Dodging        | |  2.0
Stealth        | |  2.0
Necromancy     | |  0.8

Action                   |  1- 3 |  4- 6 || total
-------------------------+-------+-------++-------
Melee: Dagger            |    31 |    33 ||    64
       Flail             |       |    19 ||    19
       Punch             |       |     2 ||     2
 Cast: Summon Small Mamm |    22 |       ||    22
       Call Imp          |     2 |     4 ||     6
  Use: Potion            |       |     2 ||     2
 Stab: Sleeping          |     3 |     1 ||     4
Armor: Robe              |     2 |    10 ||    12
Dodge: Dodged            |    29 |    37 ||    66

Table legend: (Time is in decaauts)
 A = Elapsed time spent in this place.
 B = Non-inter-level travel time spent in this place.
 C = Inter-level travel time spent in this place.
 D = Time resting spent in this place.
 E = Time spent auto-exploring this place.
 F = Levels seen in this place.
 G = Mean time per level.
                   A        B        C        D        E       F      G
               +--------+--------+--------+--------+--------+-----+--------+
         Total |   2268 |   2190 |     78 |      0 |   1549 |   3 |  756.0 |
       Dungeon |   2268 |   2190 |     78 |      0 |   1549 |   3 |  756.0 |
               +--------+--------+--------+--------+--------+-----+--------+

Top non-repeatable levels by time:
     D:1: 1435 daAuts
     D:2: 604 daAuts
     D:3: 228 daAuts
